 Dungeon Crawl Stone Soup version 0.31.0-11-ge490571c62 (webtiles) character file.

Game seed: 14753802002261200947

11 qw the Shooter (level 2, 0/16 HPs)
             Began as a Deep Elf Hunter on Feb 4, 2024.
             Succumbed to their own poison gas
             ... on level 1 of the Dungeon.
             The game lasted 00:00:00 (487 turns).

qw the Shooter (Deep Elf Hunter)                     Turns: 487, Time: 00:00:01

Health: 0/16       AC:  3    Str:  8    XL:     2   Next: 13%
Magic:  4/4        EV: 12    Int: 13    God:
Gold:   43         SH:  0    Dex: 18    Spells: 1/1 levels left

rFire   . . .        a - +0 shortbow
rCold   . . .        (shield currently unavailable)
rNeg    . . .        c - +0 leather armour
rPois   .            (no helmet)
rElec   .            (no cloak)
rCorr   .            (no gloves)
SInv    .            (no boots)
Will    .....        (no amulet)
Stlth   ++           (no ring)
HPRegen 0.22/turn    (no ring)
MPRegen 0.09/turn

%: no passive effects
@: lethally poisoned (0 -> -14)
A: no striking features
a: no special abilities


You were on level 1 of the Dungeon.
You visited 1 branch of the dungeon, and saw 1 of its levels.

You collected 43 gold pieces.


   Skills:
 - Level 1.5 Fighting
 + Level 6.0 Ranged Weapons
 - Level 2.4 Dodging
 - Level 1.2 Stealth


You had one spell level left.
You didn't know any spells.
Your spell library was empty.

Inventory:

Hand Weapons
 a - a +0 shortbow (weapon)
Armour
 c - a +0 leather armour (worn)
Potions
 d - a potion of heal wounds {unknown}
 f - a potion of enlightenment {unknown}

Dungeon Overview and Level Annotations

Branches:
Dungeon (1/15)

Altars:


Message History

You feel strangely unstable.
It was a scroll of teleportation.
You start waiting.
Your surroundings suddenly seem different.
Done exploring.
480 ||| READING scroll labelled CODEPN JIVAI.
The air fills with toxic fumes!
As you read the scroll labelled CODEPN JIVAI, it crumbles to dust.
It was a scroll of poison.
Done exploring.
481 ||| READING scroll labelled ZICAMU RYQAITA.
As you read the scroll labelled ZICAMU RYQAITA, it crumbles to dust.
You feel aware of your surroundings.
It was a scroll of revelation.
Done exploring.
482 ||| DRINKING 2 smoky silvery potions.
It was a potion of magic.
Magic courses through your body.
Done exploring.
483 ||| DROPPING scroll of butterflies.
You drop a scroll of butterflies.
Done exploring.
484 ||| DROPPING potion of magic.
You drop a potion of magic.
Done exploring.
What level of the Dungeon? (default 1, ? - help) Sorry, I don't know how to get there.
Enter note:
Enter note:
Enter note:
Enter note:
Enter note:
Enter note:
Enter note:
Enter note:
Enter note: You are engulfed in poison gas.
You are lethally poisoned!
You feel very sick.
486 ||| Stepping ~*~*~tactically~*~*~ (cloud).
You feel very sick.
Things that are here:
a potion of magic; a scroll of butterflies
There is a lethal amount of poison in your body!
You die...

###############
################
######00000¤0¤.# ###
######¤¤¤¤0¤¤¤.# ###.#
######00¤¤0¤0¤.# ...P#
######0¤¤¤0¤¤¤.# ..#.#
######¤¤¤¤¤¤00.# ....#
######¤@¤¤¤¤0¤.# #...#
######¤¤¤¤¤¤¤0.# ...##
######¤0¤¤0¤¤¤.#
.##P###########¤¤¤¤0¤¤¤.#####
#####........##¤¤¤¤¤¤¤¤.....##
#.########..0¤##¤¤¤¤¤......#
#...## ######0..¤0#####....#
#....#########...#¤...P#P..##
###.............#.#####.#P..#


There were no monsters in sight!

Vanquished Creatures
  A dart slug (D:1)
  An endoplasm (D:1)
  A kobold (D:1)
  A quokka (D:1)
  3 ball pythons (D:1)
  A frilled lizard (D:1)
  2 rats (D:1)
10 creatures vanquished.

Notes
Turn   | Place    | Note
-------+----------+-------------------------------------------
     0 | D:1      | qw the Deep Elf Hunter began the quest for the Orb.
     0 | D:1      | Reached XP level 1. HP: 12/12 MP: 3/3
     0 | D:1      | 0 ||| qw: Version: 0.3-a-160-g6735b56
     0 | D:1      | 0 ||| qw: Game counter: 5257
     0 | D:1      | 0 ||| qw: Melee chars always use a shield: true
     0 | D:1      | 0 ||| qw: God list: Okawaru
     0 | D:1      | 0 ||| qw: Allow faded altars: false
     0 | D:1      | 0 ||| qw: Do Orc after clearing Dungeon:15 true
     0 | D:1      | 0 ||| qw: Do second Lair branch before Depths: true
     0 | D:1      | 0 ||| qw: Lair rune preference: random
     0 | D:1      | 0 ||| qw: Goals: Normal
     0 | D:1      | 0 ||| PLANNING D:1-11
   266 | D:1      | Found a faded altar of an unknown god.
   418 | D:1      | Reached skill level 6 in Ranged Weapons
   418 | D:1      | Reached XP level 2. HP: 16/16 MP: 4/4
   474 | D:1      | 474 ||| READING scroll labelled HIELOI ATUE.
   475 | D:1      | 475 ||| READING scroll labelled KOHUOS FUIFODD.
   480 | D:1      | 480 ||| READING scroll labelled CODEPN JIVAI.
   481 | D:1      | 481 ||| READING scroll labelled ZICAMU RYQAITA.
   482 | D:1      | 482 ||| DRINKING 2 smoky silvery potions.
   483 | D:1      | 483 ||| DROPPING scroll of butterflies.
   484 | D:1      | 484 ||| DROPPING potion of magic.
   486 | D:1      | 486 ||| Stepping ~*~*~tactically~*~*~ (cloud).
   486 | D:1      | HP: 3/16 [poisoned by you (poison gas)]
   487 | D:1      | Succumbed to their own poison gas

Levels and vault maps discovered:
D:1:      dpeg_arrival_connections, layout_rooms,
          shapermc_ecumenical_altar_rom_forum, minmay_shallow_snake_nest

Skill      XL: |  1 |
---------------+----+-----
Ranged Weapons | 6 |  6.0
Fighting       | |  1.5
Dodging        | |  2.4
Stealth        | |  1.2

Action                     || total
---------------------------++-------
   Fire: Shortbow          ||    17
    Use: Scroll            ||     4
         Potion            ||     1
 Armour: Leather armour    ||     4
  Dodge: Dodged            ||     1

Table legend:
 A = Non-vault XP
 B = Vault XP
 C = Vault XP percentage of total XP
 D = Non-vault monster count
 E = Vault monster count
 F = Vault count percentage of total count
                 A         B        C        D         E       F
            +---------+---------+-------+---------+---------+-------
      Total |      14 |       2 |  12.5 |       8 |       2 |  20.0
            +---------+---------+-------+---------+---------+-------
        D:1 |      14 |       2 |  12.5 |       8 |       2 |  20.0
            +---------+---------+-------+---------+---------+-------
